[ AOE2 MATCH · #468240375 ]
UnrankedAztecs vs Gurjaras
[ REPLAY ANALYSIS · EXTRACTED FROM THE RECORDED GAME ]
Feudal
—
Castle
—
Imperial
—
| APM avg | 85.9 |
| APM peak | 54 |
| eAPM avg | 28.6 |
| Villagers / military | 4 / 0 |
Focus
⚔️ 0.0% · 🌾 100.0%
Feudal
—
Castle
—
Imperial
—
| APM avg | 33.4 |
| APM peak | 21 |
| eAPM avg | 15.9 |
| Villagers / military | 0 / 0 |
Focus
⚔️ 0.0% · 🌾 100.0%
Feudal
—
Castle
—
Imperial
—
| APM avg | 22.3 |
| APM peak | 14 |
| eAPM avg | 20.7 |
| Villagers / military | 4 / 0 |
Focus
⚔️ 0.0% · 🌾 100.0%
Feudal
—
Castle
—
Imperial
—
| APM avg | 73.1 |
| APM peak | 46 |
| eAPM avg | 22.3 |
| Villagers / military | 6 / 0 |
Focus
⚔️ 0.0% · 🌾 100.0%
Feudal
—
Castle
—
Imperial
—
| APM avg | 42.9 |
| APM peak | 27 |
| eAPM avg | 9.5 |
| Villagers / military | 3 / 0 |
Focus
⚔️ 0.0% · 🌾 100.0%
Feudal
—
Castle
—
Imperial
—
| APM avg | 71.5 |
| APM peak | 45 |
| eAPM avg | 30.2 |
| Villagers / military | 5 / 0 |
Focus
⚔️ 0.0% · 🌾 100.0%
Feudal
—
Castle
—
Imperial
—
| APM avg | 14.3 |
| APM peak | 9 |
| eAPM avg | 14.3 |
| Villagers / military | 0 / 0 |
Feudal
—
Castle
—
Imperial
—
| APM avg | 46.1 |
| APM peak | 29 |
| eAPM avg | 12.7 |
| Villagers / military | 8 / 0 |
Focus
⚔️ 0.0% · 🌾 100.0%
Match map
Initial resources + every placement click. Lines = walls · curves = elevation contours. ◆ gold · ⬟ stone · ● berries · ✦ relic · ◌ wall gap
Your base
'BigBanana' = whore's base
Chiro My Hero's base
The_OFLi's base
KidCudi's base
SS_Snap's base
Sakmelo's base
EasyGame's base
Smoothed initial terrain · ◌ = detected wall gap · hover for details
Inputs per minute
— LuisDaniel123 - - 'BigBanana' = whore
Build order — LuisDaniel123
6 actions detected in the replay
| 0:01 | Queue | Villager (Male) |
| 0:01 | Queue | Villager (Male) |
| 0:02 | Queue | Villager (Male) |
| 0:04 | Build | House |
| 0:06 | Build | House |
| 0:26 | Queue | Villager (Male) |
Build order — 'BigBanana' = whore
2 actions detected in the replay
| 0:05 | Build | House |
| 0:06 | Build | House |
Build order — Chiro My Hero
6 actions detected in the replay
| 0:00 | Queue | Villager (Male) |
| 0:01 | Queue | Villager (Male) |
| 0:02 | Queue | Villager (Male) |
| 0:04 | Build | House |
| 0:05 | Build | House |
| 0:07 | Queue | Villager (Male) |
Build order — The_OFLi
8 actions detected in the replay
| 0:03 | Queue | Villager (Male) |
| 0:04 | Queue | Villager (Male) |
| 0:06 | Build | House |
| 0:07 | Build | House |
| 0:14 | Queue | Villager (Male) |
| 0:14 | Queue | Villager (Male) |
| 0:14 | Queue | Villager (Male) |
| 0:15 | Queue | Villager (Male) |
Build order — KidCudi
5 actions detected in the replay
| 0:02 | Queue | Villager (Male) |
| 0:02 | Queue | Villager (Male) |
| 0:02 | Queue | Villager (Male) |
| 0:03 | Build | House |
| 0:05 | Build | House |
Build order — SS_Snap
7 actions detected in the replay
| 0:02 | Queue | Villager (Male) |
| 0:03 | Queue | Villager (Male) |
| 0:03 | Queue | Villager (Male) |
| 0:03 | Queue | Villager (Male) |
| 0:04 | Queue | Villager (Male) |
| 0:05 | Build | House |
| 0:06 | Build | House |
Build order — Sakmelo
0 actions detected in the replay
Build order — EasyGame
4 actions detected in the replay
| 0:03 | Build | House |
| 0:04 | Build | House |
| 0:05 | Queue | Villager (Male) ×4 |
| 0:05 | Queue | Villager (Male) ×4 |
Match timeline
| 0:01 | Sakmelo · resign |
[ AI ANALYSIS · 1 CREDIT ]
What really happened in this match?
Wolo.gg analyzes every decision: build order, eco, micro, common mistakes by bracket. Personalized analysis on WhatsApp or Discord in 30 seconds.
Civ guide
Aztecs
Perfil
Jugador #372967